 Dungeon Crawl Stone Soup version 0.21-a0-442-g848f44b (webtiles) character file.

72 tof the Twirler (level 4, 0/34 HPs)
             Began as a Demonspawn Gladiator on Nov 12, 2017.
             Slain by a gnoll
             ... wielding a +0 whip
              (2 damage)
             ... on level 2 of the Dungeon.
             The game lasted 00:01:57 (1246 turns).

tof the Twirler (Demonspawn Gladiator)              Turns: 1246, Time: 00:01:58

Health: 0/34       AC:  6    Str: 14    XL:     4   Next: 7%
Magic:  0/4        EV: 13    Int: 10    God:
Gold:   111        SH:  0    Dex: 15    Spells: 3/3 levels left

rFire    . . .     SeeInvis .   a - +0 quarterstaff
rCold    . . .     Gourm    .   (shield currently unavailable)
rNeg     . . .     Faith    .   b - +0 leather armour
rPois    .         Spirit   +   c - +0 helmet
rElec    .         Reflect  .   (no cloak)
rCorr    .         Harm     .   (no gloves)
MR       .....                  m - +1 pair of boots
Stlth    +.........             (no amulet)
HPRegen  0.11/turn              (no ring)
MPRegen  0.09/turn              (no ring)

@: no status effects
A: magic shield
a: no special abilities


You were on level 2 of the Dungeon.
You were not hungry.

You visited 1 branch of the dungeon, and saw 2 of its levels.

You collected 111 gold pieces.

Inventory:

Hand Weapons
 a - a +0 quarterstaff (weapon)
Missiles
 d - 3 throwing nets (quivered)
 p - 7 poisoned needles
Armour
 b - a +0 leather armour (worn)
 c - a +0 helmet (worn)
 m - a +1 pair of boots (worn)
Scrolls
 e - a scroll of teleportation {unknown}
 h - 2 scrolls of identify {unknown}
 i - a scroll of magic mapping {unknown}
 n - a scroll of fog {unknown}
 o - a scroll of noise {unknown}
Potions
 g - a potion of curing {unknown}
 k - a potion of flight {unknown}
Comestibles
 f - a bread ration
 j - a chunk of flesh
 l - 4 fruits


   Skills:
 + Level 2.6 Fighting
 * Level 3.5 Staves
 - Level 1.7 Throwing
 + Level 1.2 Armour
 + Level 3.1 Dodging


You had 3 spell levels left.
You didn't know any spells.

Dungeon Overview and Level Annotations

Branches:
Dungeon (2/15)

Altars:
The Shining One


Innate Abilities, Weirdness & Mutations

When hurt, damage is shared between your health and your magic reserves.


Message History

You feel clever.
You hit the gnoll.
The gnoll is moderately wounded.
The gnoll closely misses you.
You hit the gnoll but do no damage.
The gnoll is moderately wounded.
The gnoll barely misses you.
You closely miss the gnoll.
The gnoll is moderately wounded.
The gnoll barely misses you.
You closely miss the gnoll.
The gnoll is moderately wounded.
The gnoll hits you with a whip.
* * * LOW HITPOINT WARNING * * *
You completely miss the gnoll.
The gnoll is moderately wounded.
The gnoll hits you with a whip!
* * * LOW HITPOINT WARNING * * *
The gnoll hits you with a whip.
You die...

#......._.###.#..............
#.....#...##.................
#....8##### #................
#....## ##.........# ...#
##...# #.......#..# #(..
#....# #..#.g....## #...
##..## #K...##....####...
#..## #g#######.g.....##
#..†# #@# #....####....
##..## #)# #............
#...### #.# #....######g.
#.....# #.# #....# #..
#...[.## #.# #....# #.#
##.....# #.# #....# #.#
##....###.# #....# #g#
#.....##.# ###### .g#
###......# ...


You could see a gnoll and a kobold.

Vanquished Creatures
  3 gnolls (D:2)
  2 worms (D:2)
  A dart slug (D:1)
  3 leopard geckos
  3 giant cockroaches (D:1)
  4 goblins
  2 hobgoblins (D:1)
  3 kobolds
  8 bats
  2 frilled lizards (D:1)
  2 rats (D:1)
33 creatures vanquished.

Notes
Turn   | Place    | Note
-------+----------+-------------------------------------------
     0 | D:1      | tof the Demonspawn Gladiator began the quest for the Orb.
     0 | D:1      | Reached XP level 1. HP: 16/16 MP: 1/1
   303 | D:1      | Gained mutation: When hurt, damage is shared between your health and your magic reserves. [demonic ancestry]
   303 | D:1      | Reached XP level 2. HP: 19/22 MP: 2/2
   953 | D:2      | Found a glowing golden altar of the Shining One.
  1007 | D:2      | Reached XP level 3. HP: 28/28 MP: 3/3
  1112 | D:2      | Reached skill level 1 in Armour
  1241 | D:2      | Reached XP level 4. HP: 9/34 MP: 2/4
  1246 | D:2      | Slain by a gnoll

Vault maps used:
D:1:      lemuel_arrival_tunnels
D:2:      nicolae_tso_carved_into_rock, uniq_robin

Skill      XL: |  1  2  3 |
---------------+----------+-----
Staves         | 3 |  3.5
Armour         | 1 |  1.2
Dodging        | 3 |  3.1
Fighting       | |  2.6
Throwing       | |  1.7

Action                   |  1- 3 |  4- 6 || total
-------------------------+-------+-------++-------
Melee: Quarterstaff      |   104 |     5 ||   109
 Stab: Sleeping          |     3 |       ||     3
  Eat: Chunk             |     1 |       ||     1
Armor: Leather armour    |    38 |       ||    38
Dodge: Dodged            |    67 |     3 ||    70

Table legend:
 A = Spawn XP
 B = Non-spawn XP
 C = Spawn XP percentage of total XP
 D = Spawn monster count
 E = Non-spawn monster count
 F = Spawn count percentage of total count
 G = Total turns spent on level
                    A         B        C        D         E        F      G
               +---------+---------+-------+---------+---------+-------+---------
         Total |       0 |     104 |   0.0 |       0 |      33 |   0.0 |  1246
               +---------+---------+-------+---------+---------+-------+---------
           D:1 |       0 |      34 |   0.0 |       0 |      18 |   0.0 |   935
           D:2 |       0 |      70 |   0.0 |       0 |      15 |   0.0 |   311
               +---------+---------+-------+---------+---------+-------+---------
